 Dungeon Crawl Stone Soup version 0.22-a0-42-g002c468 (webtiles) character file.

39 sagitran the Firebug (level 3, 0/26 HPs)
             Began as a Hill Orc Fire Elementalist on Jan 5, 2018.
             Slain by an adder (1 damage)
             ... on level 2 of the Dungeon.
             The game lasted 00:05:07 (1755 turns).

sagitran the Firebug (Hill Orc Fire Elementalist)   Turns: 1755, Time: 00:05:08

Health: 0/26       AC:  2    Str: 10    XL:     3   Next: 47%
Magic:  0/5        EV: 12    Int: 16    God:
Gold:   54         SH:  0    Dex: 11    Spells: 2/5 levels left

rFire    . . .     SeeInvis .   i - +0 club
rCold    . . .     Gourm    .   (no shield)
rNeg     . . .     Faith    .   a - +0 robe
rPois    .         Spirit   .   (no helmet)
rElec    .         Reflect  .   (no cloak)
rCorr    .         Harm     .   (no gloves)
MR       .....                  (no boots)
Stlth    ++........             (no amulet)
HPRegen  0.08/turn              (no ring)
MPRegen  0.09/turn              (no ring)

@: lethally poisoned (0 -> -8)
A: no striking features
a: no special abilities


You were on level 2 of the Dungeon.
You were not hungry.

You visited 1 branch of the dungeon, and saw 2 of its levels.

You collected 54 gold pieces.

Inventory:

Hand Weapons
 i - a +0 club (weapon)
Missiles
 d - 70 stones
 h - 3 javelins (quivered)
Armour
 a - a +0 robe (worn)
Scrolls
 e - a scroll of enchant weapon {unknown}
 f - 2 scrolls of remove curse {unknown}
 g - a scroll of teleportation {unknown}
 j - 3 scrolls of identify {unknown}
 l - a scroll of immolation {unknown}
Books
 b - a book of Flames

   Spells                             Type                      Level
   a - Flame Tongue                   Conjuration/Fire             1
   b - Throw Flame                    Conjuration/Fire             2
   c - Conjure Flame                  Conjuration/Fire             3
   d - Inner Flame                    Hexes/Fire                   3
   e - Sticky Flame                   Conjuration/Fire             4
   f - Fireball                       Conjuration/Fire             5
Comestibles
 c - 3 rations
 k - 2 chunks of flesh


   Skills:
 + Level 0.9 Maces & Flails
 + Level 2.0 Dodging
 + Level 1.7 Stealth
 + Level 1.7 Spellcasting
 + Level 1.2 Conjurations
 + Level 3.8 Fire Magic


You had 2 spell levels left.
You knew the following spells:

 Your Spells              Type           Power        Failure   Level  Hunger
a - Flame Tongue          Conj/Fire      #....        8%          1    ##.....
b - Throw Flame           Conj/Fire      #.....       11%         2    ###....


Dungeon Overview and Level Annotations

Branches:
Dungeon (2/15)

Altars:


Message History

Casting: Flame Tongue
Confirm with . or Enter, or press ? or * to list all spells.
Aiming: Flame Tongue
Press: ? - help, Shift-Dir - straight line, f/p - adder
Aim: an adder (heavily wounded)
The flame tongue misses the adder.
* * * LOW HITPOINT WARNING * * *
You feel sick. The adder barely misses you. The adder closely misses you.
You closely miss the adder.
The adder is heavily wounded.
The adder bites you but does no damage.
You aren't carrying any potions.
You hit the adder.
The adder is almost dead.
* * * LOW HITPOINT WARNING * * *
You feel sick. The adder bites you.
* * * LOW HITPOINT WARNING * * *
You are more poisoned.
The adder poisons you! The adder bites you.
You die...

##### #...#
#.#.#########
####.#....@S...#
#######....#....####.#
........#######...#
#.#####....# ..#.# #.#
###..# ####.# #.# ..#
# #.# ... #.# #.## #.#
..


You could see an adder.

Vanquished Creatures
  A worm (D:2)
  3 dart slugs (D:1)
  A leopard gecko (D:1)
  3 giant cockroaches
  2 goblins (D:1)
  3 hobgoblins
  4 jackals (D:1)
  5 bats (D:1)
  A frilled lizard (D:1)
  2 kobolds
  A rat (D:1)
26 creatures vanquished.

Notes
Turn   | Place    | Note
-------+----------+-------------------------------------------
     0 | D:1      | sagitran the Hill Orc Fire Elementalist began the quest for the Orb.
     0 | D:1      | Reached XP level 1. HP: 14/14 MP: 3/3
   109 | D:1      | Reached XP level 2. HP: 20/20 MP: 1/4
   126 | D:1      | Learned a level 2 spell: Throw Flame
   312 | D:1      | HP: 1/20 [jackal (2)]
   666 | D:1      | Reached XP level 3. HP: 5/26 MP: 1/5
  1755 | D:2      | HP: 1/26 [adder (1)]
  1755 | D:2      | Slain by an adder

Vault maps used:
D:1:      dpeg_arrival_rhombus, minmay_misc_feat_room
D:2:      lemuel_blue_sif_altar, nicolae_ru_great_annihilating_truth,
          chequers_ecumenical_altar_simple

Skill      XL: |  1  2 |
---------------+-------+-----
Dodging        | 2 |  2.0
Maces & Flails | |  0.9
Stealth        | |  1.7
Spellcasting   | |  1.7
Conjurations   | |  1.2
Fire Magic     | |  3.8

Action                   || total
-------------------------++-------
Melee: Unarmed           ||     7
       Club              ||    85
Throw: Javelin           ||     1
 Cast: Flame Tongue      ||    25
       Throw Flame       ||     2
 Stab: Sleeping          ||     2
  Eat: Ration            ||     1
Armor: Robe              ||    33
Dodge: Dodged            ||   106

Table legend:
 A = Spawn XP
 B = Non-spawn XP
 C = Spawn XP percentage of total XP
 D = Spawn monster count
 E = Non-spawn monster count
 F = Spawn count percentage of total count
 G = Total turns spent on level
                    A         B        C        D         E        F      G
               +---------+---------+-------+---------+---------+-------+---------
         Total |       0 |      57 |   0.0 |       0 |      26 |   0.0 |  1755
               +---------+---------+-------+---------+---------+-------+---------
           D:1 |       0 |      46 |   0.0 |       0 |      22 |   0.0 |  1448
           D:2 |       0 |      11 |   0.0 |       0 |       4 |   0.0 |   307
               +---------+---------+-------+---------+---------+-------+---------
